 Dungeon Crawl Stone Soup version 0.22-a0-362-g535178c (webtiles) character file.

195488 dorian the Unseen (level 17, -6/124 HPs)
             Began as a Vampire Enchanter on Apr 19, 2018.
             Was a High Priest of Dithmenos.
             Mangled by a tentacled monstrosity (9 damage)
             ... on level 4 of the Swamp on Apr 21, 2018.
             The game lasted 03:36:43 (36759 turns).

dorian the Unseen (Vampire Enchanter)              Turns: 36759, Time: 03:36:44

Health: -6/124     AC: 17    Str: 15    XL:     17   Next: 71%
Magic:  12/32      EV: 20    Int: 19    God:    Dithmenos [*****.]
Gold:   3054       SH:  4    Dex: 20    Spells: 11/38 levels left

rFire    . . .     SeeInvis +   w - +1 rapier (venom)
rCold    . . .     Gourm    .   R - +0 buckler {reflect}
rNeg     + + .     Faith    .   T - +5 leather armour of Baldness {Str+4}
rPois    +         Spirit   .   P - +1 hat "Xuoqat" {rN+ Str+4}
rElec    .         Reflect  +   r - +1 cloak {rPois}
rCorr    .         Harm     .   Z - +1 pair of gloves {archery}
MR       ++...                  B - +0 pair of boots
Stlth    ++++++++++             J - amulet of magic regeneration
HPRegen  0.30/turn              U - +3 ring of protection
MPRegen  0.48/turn              v - ring of protection from magic

@: very slightly contaminated, wreathed by umbra, constricted, invisible
A: fangs 3, see invisible, unbreathing
}: 1/15 runes: gossamer
a: Bat Form, Shadow Step, Shadow Form, Renounce Religion


You were on level 4 of the Swamp.
You worshipped Dithmenos.
Dithmenos was extremely pleased with you.
You were not thirsty.

You visited 6 branches of the dungeon, and saw 32 of its levels.
You also visited: Labyrinth, Ice Cave and Volcano.

You collected 3482 gold pieces.
You spent 428 gold pieces at shops.

Inventory:

Hand Weapons
 w - a +1 rapier of venom (weapon)
Armour
 r - a +1 cloak of poison resistance (worn)
 y - +0 swamp dragon scales
 B - a +0 pair of boots (worn)
 P - the +1 hat "Xuoqat" (worn) {rN+ Str+4}
   (You found it on level 4 of the Lair of Beasts)

   It affects your strength (+4).
   It protects you from negative energy.
 R - a +0 buckler of reflection (worn)
 T - the +5 leather armour of Baldness (worn) {Str+4}
   (You found it on level 5 of the Lair of Beasts)

   It affects your strength (+4).
 X - a +3 ring mail of cold resistance
 Z - a +1 pair of gloves of archery (worn)
Jewellery
 c - an uncursed ring of protection from fire
 v - a ring of protection from magic (right hand)
 I - an uncursed ring of resist corrosion
 J - an amulet of magic regeneration (around neck)
 N - an uncursed ring of protection from fire
 U - a +3 ring of protection (left hand)
Wands
 a - a wand of digging (27)
 q - a wand of paralysis (20)
 z - a wand of random effects (17)
 E - a wand of flame (32)
 H - a wand of iceblast (22)
 V - a wand of disintegration (14)
Scrolls
 e - 4 scrolls of magic mapping
 f - 11 scrolls of identify
 h - 15 scrolls of remove curse
 i - 5 scrolls of immolation
 j - 6 scrolls of teleportation
 l - 3 scrolls of fear
 m - 9 scrolls of enchant weapon
 n - 6 scrolls of enchant armour
 p - 3 scrolls of fog
 A - 5 scrolls of amnesia
 C - 3 scrolls of blinking
 K - 3 scrolls of silence
 Y - a scroll of brand weapon
Potions
 d - 9 potions of blood
 g - 9 potions of curing
 k - 3 potions of magic
 o - 3 potions of brilliance
 s - 3 potions of heal wounds
 u - 4 potions of flight
 x - a potion of agility
 D - 4 potions of might
 F - 5 potions of haste
 G - 3 potions of berserk rage
 L - 2 potions of mutation
 O - a potion of resistance
 S - a potion of ambrosia
Miscellaneous
 b - 2 boxes of beasts
 t - a lamp of fire
 M - a crystal ball of energy
 Q - a fan of gales
 W - a lightning rod (4/4)


   Skills:
 - Level 8.7 Fighting
 - Level 14.0 Short Blades
 - Level 14.0 Dodging
 - Level 20.0 Stealth
 + Level 11.2 Spellcasting
 - Level 20.0 Hexes
 + Level 7.7 Charms
 + Level 9.0 Necromancy
 - Level 1.7 Invocations


You had 11 spell levels left.
You knew the following spells:

 Your Spells              Type           Power        Failure   Level  Hunger
a - Spectral Weapon       Hex/Chrm       ######..     1%          3    None
b - Ensorcelled Hibernat  Hex/Ice        #####.       1%          2    None
c - Confuse               Hex            ######..     0%          3    None
d - Regeneration          Chrm/Necr      #####.....   1%          3    None
e - Sublimation of Blood  Necr           #####.....   1%          2    None
f - Darkness              Hex            ######....   1%          6    ######.
g - Invisibility          Hex            ######..     1%          6    ######.
h - Shroud of Golubria    Chrm/Tloc      ####......   4%          2    None


Dungeon Overview and Level Annotations

Branches:
Dungeon (15/15)            Temple (1/1) D:6            Lair (6/6) D:11
  Swamp (4/4) Lair:2       Spider (4/4) Lair:4        Slime (0/5) Lair:5
    Orc (2/2) D:11            Elf (0/3) Orc:2        Vaults (0/5) D:13
 Depths (0/5) D:15

Altars:
Cheibriados
Dithmenos
Elyvilon
Fedhas
Gozag
Hepliaklqana
Kikubaaqudgha
Makhleb
Okawaru
Trog
Vehumet
Wu Jian
Xom
Zin
The Shining One
Beogh

Shops:
D:4 (   D:11 %(   D:13 =   Orc:2 *%([

Annotations:
D:2 Sigmund
Lair:2 exclusion: oklob plant


Innate Abilities, Weirdness & Mutations

You have razor-sharp teeth.
You have supernaturally acute eyesight. (SInv)
You can survive without breathing.


Message History

Aiming: Confuse (safe; 0% risk of failure)
Press: ? - help, Shift-Dir - straight line, f - tentacled monstrosity
Aim: a tentacled monstrosity (almost dead, constricting you, poisoned, umbra, chance to defeat MR: 0%)
The tentacled monstrosity resists with almost no effort.
The tentacled monstrosity tentacle-slaps you but does no damage.
The tentacled monstrosity barely misses you.
You block the tentacled monstrosity's attack.
* * * LOW HITPOINT WARNING * * *
The tentacled monstrosity constricts you.
Casting: Confuse (safe; 0% risk of failure)
Confirm with . or Enter, or press ? or * to list all spells.
Aiming: Confuse (safe; 0% risk of failure)
Press: ? - help, Shift-Dir - straight line, f/p - tentacled monstrosity
Aim: a tentacled monstrosity (almost dead, constricting you, poisoned, umbra, chance to defeat MR: 0%)
The tentacled monstrosity resists with almost no effort.
The tentacled monstrosity tentacle-slaps you!
* * * LOW HITPOINT WARNING * * *
The tentacled monstrosity tentacle-slaps you but does no damage.
The tentacled monstrosity barely misses you.
You die...

♣♣♣♣♣♣♣♣♣♣♣
♣≈...≈.≈.≈♣
♣.@X≈≈.(.≈.
♣♣..♣♣♣≈..≈≈
♣≈..≈.....≈≈
♣.≈≈.....≈≈≈
♣≈≈≈<.......
♣.≈≈≈......♣
♣≈≈≈.♣.≈≈.♣♣
♣♣♣♣♣♣≈≈≈≈♣
≈≈≈♣♣


You could see a tentacled monstrosity.

Vanquished Creatures
  A tengu reaver (D:14)
  A thorn hunter (Swamp:3)
  A frost giant (IceCv)
  A fire giant (D:14)
  2 emperor scorpions (Spider:4)
  A ghost moth (Spider:4)
  2 orc warlords
  A stone giant (D:14)
  2 entropy weavers
  Nessos (Lair:4)
  A minotaur (Lab)
  4 spark wasps
  The ghost of ololoev the Martial Artist, a journeyman GnTm of Cheibriados (D:13)
  The ghost of Torax the Destroyer, a journeyman FeWz of Sif Muna (Swamp:1)
  Fannar (Lair:3)
  2 rakshasas (D:15)
  4 vault guards (D:13)
  7 hydras
  A catoblepas (Lair:6)
  2 ghost crabs
  3 centaur warriors
  A dancing weapon (Volcano)
  4 death yaks
  3 two-headed ogres
  10 alligators
  3 orc high priests (Orc:2)
  2 tengu warriors
  The ghost of Torious the Destroyer, a novice DECj of Sif Muna (D:10)
  An unseen horror (D:14)
  2 unseen horrors (shapeshifter)
  A glowing orange brain (D:15)
  4 swamp dragons
  6 wizards
  Pikel (D:6)
  6 lindwurms
  4 shambling mangroves
  A wolf spider zombie (D:15)
  7 orc knights
  18 wolf spiders
  10 orb spiders
  3 orc sorcerers
  2 manticores (Lair:6)
  2 ugly things (D:15)
  4 moths of wrath
  3 cyclopes
  17 elephants
  4 black mambas
  5 toenail golems (Volcano)
  An ice statue (IceCv)
  4 torpor snails
  2 centaur skeletons
  17 spiny frogs
  2 komodo dragons
  An efreet (D:15)
  A yaktaur (D:13)
  A kobold demonologist (D:15)
  13 demonic crawlers
  2 tengu conjurers
  8 trolls
  33 jumping spiders
  A queen bee (D:10)
  36 slime creatures
  9 bog bodies
  Grinder (D:5)
  10 blink frogs
  14 hippogriffs
  24 hornets
  6 tyrant leeches
  14 polar bears
  A meliai zombie (D:11)
  11 dream sheep
  28 tarantellas
  67 redbacks
  A shadow (Swamp:3)
  3 spriggans
  5 wyverns
  A wraith (D:12)
  104 yaks
  3 fire bats (Lair:3)
  2 humans (D:13)
  24 vampire mosquitoes
  Eustachio (D:6)
  2 hungry ghosts
  A harpy simulacrum (D:15)
  Menkaure (D:6)
  Edmund (D:6)
  9 insubstantial wisps
  4 wargs (Orc:2)
  4 swamp worms
  14 water moccasins
  11 porcupines
  A floating eye (shapeshifter) (D:15)
  2 slaves (D:6)
  4 swamp drakes
  44 orc warriors
  4 sky beasts
  2 black bears (D:7)
  4 ice beasts
  2 eyes of draining
  4 boggarts (D:14)
  3 phantoms
  9 wolves
  8 ogres
  10 centaurs
  18 crocodiles
  2 big kobolds
  4 earth elementals
  9 bullfrogs
  A wyvern zombie (D:8)
  A scorpion (D:10)
  31 killer bees
  3 wights (D:14)
  A bullfrog zombie (D:12)
  3 electric eels
  3 howler monkeys
  A quasit (D:10)
  2 centaur zombies
  4 crimson imps
  5 hounds
  3 jellies
  Crazy Yiuf (D:3)
  24 orc priests
  The ghost of 4thArraOfDagon the Grave Robber, a weakling FeNe (D:7)
  4 bullfrog skeletons
  An iguana (D:9)
  Terence (D:2)
  28 orc wizards
  9 worker ants
  A hell rat (Lair:6)
  A hound skeleton (D:5)
  3 gnolls (D:7)
  10 adders
  3 shadow imps
  2 oozes
  An adder zombie (D:5)
  An adder skeleton (D:7)
  3 dart slugs
  4 leopard geckos
  104 orcs
  2 giant cockroaches
  5 goblins
  10 jackals
  4 quokkas
  10 bats
  4 frilled lizards
  A jackal skeleton (D:8)
  9 kobolds
  A leopard gecko zombie (D:7)
  6 rats
  2 fungi (D:6)
1107 creatures vanquished.

Vanquished Creatures (collateral kills)
  An orb spider (Spider:4)
  A redback (Spider:4)
  5 yaks (IceCv)
7 creatures vanquished.

Vanquished Creatures (others)
  An orb spider (Spider:4)
  A jumping spider (Spider:4)
  A polar bear (IceCv)
  2 spriggans (Swamp:1)
  A sky beast (D:6)
  2 slaves (D:6)
  A wolf (IceCv)
  4 fungi
  4 plants
  11 spectral weapons
28 creatures vanquished.

Grand Total: 1142 creatures vanquished

Notes
Turn   | Place    | Note
-------+----------+-------------------------------------------
     0 | D:1      | dorian the Vampire Enchanter began the quest for the Orb.
     0 | D:1      | Reached XP level 1. HP: 13/13 MP: 3/3
    49 | D:1      | Reached XP level 2. HP: 8/19 MP: 1/5
   234 | D:1      | Learned a level 2 spell: Ensorcelled Hibernation
   299 | D:1      | Reached skill level 5 in Hexes
   926 | D:2      | Reached skill level 5 in Stealth
   926 | D:2      | Reached XP level 3. HP: 24/24 MP: 6/6
  1154 | D:2      | Noticed Sigmund
  1542 | D:2      | Noticed Terence
  1545 | D:2      | Killed Terence
  1545 | D:2      | Reached XP level 4. HP: 30/30 MP: 7/7
  2152 | D:1      | Reached XP level 5. HP: 21/35 MP: 0/8
  2876 | D:3      | You fall through a shaft for 2 floors!
  2876 | D:5      | Entered Level 5 of the Dungeon
  2878 | D:5      | Noticed Grinder
  2979 | D:5      | Noticed an ice beast
  3090 | D:5      | Learned a level 3 spell: Confuse
  3319 | D:5      | Killed Grinder
  3319 | D:5      | Reached XP level 6. HP: 32/41 MP: 6/10
  3702 | D:4      | Found Dalyer's Weapon Boutique.
  4171 | D:4      | Found a glowing silver altar of Zin.
  4415 | D:3      | You fall through a shaft for 2 floors!
  4415 | D:5      | Noticed an ice beast
  4420 | D:5      | Killed an ice beast
  4547 | D:5      | Killed an ice beast
  4547 | D:5      | Reached XP level 7. HP: 40/46 MP: 7/11
  5122 | D:3      | Found a runed door.
  5126 | D:3      | Noticed Crazy Yiuf
  5135 | D:3      | Killed Crazy Yiuf
  6399 | D:6      | Noticed Eustachio
  6406 | D:6      | Killed Eustachio
  6406 | D:6      | Reached skill level 5 in Short Blades
  6406 | D:6      | Reached skill level 10 in Hexes
  6406 | D:6      | Reached XP level 8. HP: 52/52 MP: 12/12
  6420 | D:6      | Noticed Pikel
  6424 | D:6      | Noticed Edmund
  6437 | D:6      | Killed Edmund
  6440 | D:6      | Killed Pikel
  6440 | D:6      | Reached skill level 10 in Stealth
  6851 | D:6      | Found a staircase to the Ecumenical Temple.
  6910 | Temple   | Entered the Ecumenical Temple
  6990 | Temple   | Became a worshipper of Dithmenos the Shadowed
  7151 | D:6      | Noticed Menkaure
  7154 | D:6      | Killed Menkaure
  7154 | D:6      | Reached XP level 9. HP: 57/57 MP: 6/13
  7367 | D:7      | Noticed 4thArraOfDagon's ghost (weakling FeNe)
  7480 | D:7      | Killed 4thArraOfDagon's ghost
  7968 | D:7      | Reached * piety under Dithmenos
  8960 | D:8      | Noticed a two-headed ogre
  8969 | D:8      | Killed a two-headed ogre
  8969 | D:8      | Reached XP level 10. HP: 34/63 MP: 4/14
  9070 | D:8      | Noticed a two-headed ogre
  9088 | D:8      | Killed a two-headed ogre
  9402 | D:9      | Reached skill level 5 in Dodging
  9451 | D:9      | Reached ** piety under Dithmenos
  9832 | D:9      | Reached skill level 10 in Short Blades
 10369 | D:10     | Entered Level 10 of the Dungeon
 10530 | D:10     | Noticed Torious's ghost (novice DECj)
 10542 | D:10     | Killed Torious's ghost
 10780 | D:10     | Reached *** piety under Dithmenos
 11111 | D:10     | Reached XP level 11. HP: 68/68 MP: 8/15
 11962 | D:11     | Found an iron altar of Okawaru.
 12145 | D:10     | Learned a level 3 spell: Spectral Weapon
 12198 | D:11     | Found Rosivywk's Antique Weapon Emporium.
 12209 | D:11     | Bought a glowing rapier for 140 gold pieces
 12313 | D:11     | Found a staircase to the Lair.
 12511 | D:11     | Reached skill level 15 in Stealth
 12551 | D:11     | Found Bumeneniy's Food Shop.
 12617 | D:11     | Reached **** piety under Dithmenos
 13117 | D:11     | Found a staircase to the Orcish Mines.
 13537 | D:12     | Noticed a five-headed hydra
 13554 | D:12     | Killed a five-headed hydra
 13591 | D:12     | Reached skill level 5 in Spellcasting
 15080 | Lair:1   | Entered Level 1 of the Lair of Beasts
 15599 | Lair:1   | Reached XP level 12. HP: 74/74 MP: 15/20
 16843 | Lair:2   | Found a staircase to the Swamp.
 17711 | Lair:3   | Found a dark tunnel.
 17719 | Volcano  | Entered a volcano
 17939 | Volcano  | Learned a level 3 spell: Regeneration
 17942 | Volcano  | Learned a level 2 spell: Sublimation of Blood
 18023 | Volcano  | Reached skill level 1 in Necromancy
 18476 | Lair:3   | Reached XP level 13. HP: 58/79 MP: 5/25
 18565 | Lair:3   | Got a thick robe
 18797 | Lair:3   | Noticed Fannar
 19017 | Lair:3   | Killed Fannar
 19021 | Lair:3   | Reached ***** piety under Dithmenos
 19162 | Lair:2   | Identified the +2 robe of the Pure Ghosts {rF- Regen+ Str+3} (You found it on level 3 of the Lair of Beasts)
 19842 | Lair:4   | Found a frozen archway.
 19862 | IceCv    | Entered an ice cave
 20017 | IceCv    | Reached skill level 5 in Necromancy
 20417 | IceCv    | Reached skill level 15 in Hexes
 20585 | IceCv    | Noticed a frost giant
 20705 | IceCv    | Killed a frost giant
 20705 | IceCv    | Reached skill level 1 in Invocations
 20988 | Lair:4   | Found a hole to the Spider Nest.
 21161 | Lair:4   | Noticed Nessos
 21163 | Lair:4   | Killed Nessos
 21290 | Lair:4   | Reached skill level 10 in Dodging
 21290 | Lair:4   | Reached XP level 14. HP: 85/85 MP: 17/27
 21348 | Lair:4   | Learned a level 6 spell: Darkness
 21355 | Lair:4   | Learned a level 6 spell: Invisibility
 21830 | Lair:4   | Got a steaming hat
 21841 | Lair:4   | Identified the +1 hat "Xuoqat" {rN+ Str+4} (You found it on level 4 of the Lair of Beasts)
 21993 | Lair:5   | Found a staircase to the Slime Pits.
 22161 | Lair:5   | Reached skill level 10 in Spellcasting
 22313 | Lair:5   | Got a spiked leather armour
 22324 | Lair:5   | Identified the +5 leather armour of Baldness {Str+4} (You found it on level 5 of the Lair of Beasts)
 22921 | Lair:6   | Entered Level 6 of the Lair of Beasts
 22992 | Lair:6   | Found a labyrinth entrance.
 23007 | Lab      | Entered a labyrinth
 23384 | Lair:5   | Reached skill level 1 in Charms
 24977 | Lair:6   | Reached XP level 15. HP: 85/90 MP: 19/29
 24992 | Lair:6   | Identified the Almanac of Enhancements and Arcane Weapons
 25227 | Orc:1    | Entered Level 1 of the Orcish Mines
 25281 | Orc:1    | Found a roughly hewn altar of Beogh.
 25733 | Orc:1    | Found a roughly hewn altar of Beogh.
 25791 | Orc:2    | Entered Level 2 of the Orcish Mines
 25791 | Orc:2    | Noticed an orc warlord
 25797 | Orc:1    | Killed an orc warlord
 25911 | Orc:2    | Found a roughly hewn altar of Beogh.
 25911 | Orc:2    | Found Makir's General Store.
 25944 | Orc:2    | Reached ****** piety under Dithmenos
 26061 | Orc:2    | Found a staircase to the Elven Halls.
 26792 | Orc:2    | Noticed an orc warlord
 26925 | Orc:2    | Reached skill level 5 in Charms
 26930 | Orc:2    | Found a roughly hewn altar of Beogh.
 27006 | Orc:2    | Killed an orc warlord
 27009 | Orc:2    | Found Vuex's Antique Weapon Shop.
 27010 | Orc:2    | Found a roughly hewn altar of Beogh.
 27013 | Orc:2    | Found Gyrutim's Antique Armour Boutique.
 27019 | Orc:2    | Bought a pair of embroidered gloves for 127 gold pieces
 27025 | Orc:2    | Bought a glowing rapier for 161 gold pieces
 27066 | Orc:2    | Found a radiant altar of Vehumet.
 27178 | Orc:2    | Found a roughly hewn altar of Beogh.
 27178 | Orc:2    | Found Hesh's Food Shop.
 27906 | D:13     | Found Kysmaleu's Jewellery Shoppe.
 28337 | D:13     | Noticed ololoev's ghost (journeyman GnTm)
 28351 | D:13     | Killed ololoev's ghost
 28460 | D:13     | Found a gate to the Vaults.
 28712 | D:14     | Noticed a tengu reaver
 29026 | D:14     | Noticed a fire giant
 29037 | D:14     | Killed a fire giant
 29045 | D:14     | Killed a tengu reaver
 29110 | D:14     | Got a bloodstained ring mail
 29112 | D:14     | Got a crude morningstar
 29126 | D:14     | Identified the +3 ring mail of the Jabberwock {Stlth+} (You found it on level 14 of the Dungeon)
 29136 | D:14     | Identified the +2 morningstar of the Shallot {holy, +Rage rN+ Stlth+} (You found it on level 14 of the Dungeon)
 29395 | Spider:1 | Entered Level 1 of the Spider Nest
 30180 | Spider:1 | Reached XP level 16. HP: 76/96 MP: 30/30
 31475 | Spider:3 | Reached skill level 1 in Fighting
 31948 | Spider:4 | Entered Level 4 of the Spider Nest
 32353 | Spider:4 | Reached skill level 5 in Fighting
 32738 | Spider:4 | Got a gossamer rune of Zot
 32999 | Swamp:1  | Entered Level 1 of the Swamp
 33250 | D:15     | Entered Level 15 of the Dungeon
 33275 | D:15     | Reached XP level 17. HP: 122/122 MP: 28/31
 33954 | D:15     | Found a staircase to the Depths.
 34375 | Swamp:1  | Noticed Torax's ghost (journeyman FeWz)
 34392 | Swamp:1  | Killed Torax's ghost
 35002 | Swamp:1  | Learned a level 2 spell: Shroud of Golubria
 36709 | Swamp:4  | Entered Level 4 of the Swamp
 36714 | Swamp:4  | Noticed a tentacled monstrosity
 36759 | Swamp:4  | HP: 3/124 [tentacled monstrosity (14)]
 36759 | Swamp:4  | Mangled by a tentacled monstrosity

Vault maps used:
D:1:      dpeg_arrival_arbitrary_c, wad_floor_pattern_2, serial_bayou_ford_a
D:2:      uniq_terence, uniq_sigmund
D:3:      uniq_crazy_yiuf_cottage
D:4:      kennysheep_little_box, serial_shops, shop
D:5:      first_ration, uniq_grinder
D:6:      lemuel_temple_firewalk_b, minmay_gold_behind_fungi, grunt_tough_drop,
          uniq_pikel, uniq_eustachio, uniq_menkaure, uniq_edmund
D:9:      the_bakery
D:10:     minivault_7
D:11:     david_lair_generic, david_orc_4, serial_shops, shop, kennysheep_mini,
          basic_altar
D:13:     grunt_vaults_entry_fortified, serial_shops, shop
D:14:     minmay_checkered_concentric_circles
D:15:     gammafunk_enter_depths_forms, solitary_fountain,
          palyth_stone_intersect
Temple:   minmay_crystal_snake_temple
Lair:1:   infiniplex_staircase_pool_2, grunt_megastairs_3, serial_bayou_shore_a
Lair:2:   swamp_mist, minmay_lair_oklob_chamber, grunt_megastairs_1,
          lemuel_fruit_tree, serial_bayou_shore_b
Lair:3:   nicolae_volcano_entry_batcave, minmay_lindwurm_lava, uniq_fannar
Lair:4:   dummy_spider_entry, portal_ice_cave_entry_pillars_1,
          serial_bayou_pond_c, nicolae_quartered_pool_medium, uniq_nessos
Lair:5:   minmay_slime_entry_pillars
Lair:6:   hangedman_lair_in_review, lab_entry_generic
Swamp:1:  nicolae_swamp_treefoil
Swamp:2:  evilmike_swamp_ruin_house_5
Swamp:3:  evilmike_swamp_ruin_house_6, uniq_kirke
Swamp:4:  swamp_alternative
Spider:1: nicolae_spider_shape
Spider:2: spider_trap, spiders_nest_hornet_nest, nicolae_spider_cling_ruins
Spider:3: special_room, hangedman_stitches_earthworm
Spider:4: spider_rune_water
Orc:1:    special_room, lemuel_statue_altar
Orc:2:    grunt_orc_community_town_hall, grunt_orc_community_big_house_1,
          grunt_orc_community_big_house_2, grunt_orc_community_house_1,
          grunt_orc_community_house_3, grunt_orc_community_house_2,
          grunt_orc_community_house_2, basic_altar, lightli_orcish_oven
Lab:      labyrinth_mini_lab, nicolae_lab_grate_2, labyrinth_glass_1,
          nicolae_lab_flowing_pool, labyrinth_skeletal_remains,
          nicolae_lab_big_swirl
IceCv:    ice_cave_caverns_03
Volcano:  volcano_bunker

Skill      XL: |  1  2  3  4  5  6  7  8  9 10 11 12 13 14 15 16 17 |
---------------+----------------------------------------------------+-----
Hexes          | 5 6 7 8 10 11 12 13 14 15 16 18 20 | 20.0
Stealth        | 5 6 7 8 11 13 14 15 16 17 18 20 | 20.0
Short Blades   | 2 3 4 5 7 9 10 11 12 13 14 | 14.0
Spellcasting   | 3 5 8 9 10 11 | 11.2
Dodging        | 4 6 7 9 10 11 13 14 | 14.0
Necromancy     | 2 6 9 |  9.0
Invocations    | 1 |  1.7
Charms         | 3 5 7 |  7.7
Fighting       | 7 8 |  8.7

Action                   |  1- 3 |  4- 6 |  7- 9 | 10-12 | 13-15 | 16-18 || total
-------------------------+-------+-------+-------+-------+-------+-------++-------
Melee: Dagger            |    83 |   121 |   262 |   199 |       |       ||   665
       Bite              |     4 |     9 |    28 |    32 |    90 |   121 ||   284
       Rapier            |       |       |       |   296 |   931 |   904 ||  2131
       Unarmed           |       |       |       |       |       |     4 ||     4
 Cast: Corona            |     3 |     1 |     1 |       |       |       ||     5
       Ensorcelled Hiber |     7 |    30 |    60 |   193 |   218 |    96 ||   604
       Confuse           |       |     2 |    20 |    34 |    97 |    70 ||   223
       Spectral Weapon   |       |       |       |     8 |    14 |    33 ||    55
       Regeneration      |       |       |       |     6 |    46 |    36 ||    88
       Invisibility      |       |       |       |       |    19 |    11 ||    30
       Darkness          |       |       |       |       |     5 |    14 ||    19
       Shroud of Golubri |       |       |       |       |       |    31 ||    31
Invok: Shadow Step       |       |       |       |     1 |    19 |    21 ||    41
 Abil: End Transformatio |       |       |       |     1 |     5 |     4 ||    10
       Bat Form          |       |       |       |     1 |     5 |     4 ||    10
Evoke: Wand              |       |       |       |     5 |     5 |     1 ||    11
  Use: Potion            |     1 |     6 |     9 |    26 |    24 |    35 ||   101
       Scroll            |       |       |     4 |    22 |    16 |     8 ||    50
 Stab: Sleeping          |    13 |    25 |    41 |   153 |   234 |   173 ||   639
       Confused          |       |     4 |    15 |    22 |    54 |    27 ||   122
       Distracted        |       |       |       |     9 |     6 |    10 ||    25
       Invisible         |       |       |       |       |    77 |    51 ||   128
Armor: Robe              |    22 |    16 |    34 |    32 |    14 |       ||   118
       Leather armour    |       |       |       |       |    77 |   129 ||   206
Dodge: Dodged            |    74 |    85 |   115 |   283 |   592 |   592 ||  1741
Block: Buckler           |       |       |       |       |    27 |   124 ||   151

Table legend:
 A = Spawn XP
 B = Non-spawn XP
 C = Spawn XP percentage of total XP
 D = Spawn monster count
 E = Non-spawn monster count
 F = Spawn count percentage of total count
 G = Total turns spent on level
                    A         B        C        D         E        F      G
               +---------+---------+-------+---------+---------+-------+---------
         Total |       0 |  268722 |   0.0 |       0 |    1112 |   0.0 | 36759
               +---------+---------+-------+---------+---------+-------+---------
           D:1 |       0 |      81 |   0.0 |       0 |      16 |   0.0 |  1235
           D:2 |       0 |     113 |   0.0 |       0 |      23 |   0.0 |  1020
           D:3 |       0 |     126 |   0.0 |       0 |      18 |   0.0 |  1073
           D:4 |       0 |      36 |   0.0 |       0 |       8 |   0.0 |   736
           D:5 |       0 |    1011 |   0.0 |       0 |      16 |   0.0 |  2088
           D:6 |       0 |    1723 |   0.0 |       0 |      14 |   0.0 |  1030
           D:7 |       0 |    1263 |   0.0 |       0 |      32 |   0.0 |  1373
           D:8 |       0 |    3064 |   0.0 |       0 |      15 |   0.0 |   745
           D:9 |       0 |    1449 |   0.0 |       0 |      27 |   0.0 |  1010
          D:10 |       0 |    3686 |   0.0 |       0 |      55 |   0.0 |  2051
          D:11 |       0 |    3310 |   0.0 |       0 |      35 |   0.0 |  1081
          D:12 |       0 |    4718 |   0.0 |       0 |      36 |   0.0 |  1825
          D:13 |       0 |   10316 |   0.0 |       0 |      26 |   0.0 |   801
          D:14 |       0 |   11959 |   0.0 |       0 |      27 |   0.0 |   714
          D:15 |       0 |   14475 |   0.0 |       0 |      43 |   0.0 |   984
        Lair:1 |       0 |    4588 |   0.0 |       0 |      24 |   0.0 |  1438
        Lair:2 |       0 |    4408 |   0.0 |       0 |      24 |   0.0 |  1483
        Lair:3 |       0 |   11338 |   0.0 |       0 |      40 |   0.0 |  1160
        Lair:4 |       0 |    8361 |   0.0 |       0 |      22 |   0.0 |  1353
        Lair:5 |       0 |   12373 |   0.0 |       0 |      45 |   0.0 |  1404
        Lair:6 |       0 |   23051 |   0.0 |       0 |      72 |   0.0 |  1499
       Swamp:1 |       0 |    9556 |   0.0 |       0 |      28 |   0.0 |   779
       Swamp:2 |       0 |   15029 |   0.0 |       0 |      41 |   0.0 |   952
       Swamp:3 |       0 |   14301 |   0.0 |       0 |      33 |   0.0 |   725
       Swamp:4 |       0 |    1056 |   0.0 |       0 |       4 |   0.0 |    50
      Spider:1 |       0 |   10349 |   0.0 |       0 |      32 |   0.0 |  1231
      Spider:2 |       0 |   13813 |   0.0 |       0 |      48 |   0.0 |   564
      Spider:3 |       0 |   14995 |   0.0 |       0 |      45 |   0.0 |   809
      Spider:4 |       0 |   30367 |   0.0 |       0 |      77 |   0.0 |   957
         Orc:1 |       0 |    6347 |   0.0 |       0 |      26 |   0.0 |   895
         Orc:2 |       0 |   12380 |   0.0 |       0 |     105 |   0.0 |  1602
           Lab |       0 |    1223 |   0.0 |       0 |       1 |   0.0 |   266
         IceCv |       0 |   11205 |   0.0 |       0 |      43 |   0.0 |   995
       Volcano |       0 |    6652 |   0.0 |       0 |      11 |   0.0 |   693
               +---------+---------+-------+---------+---------+-------+---------
